 Dungeon Crawl Stone Soup version 0.30-a0-1163-gf69bf04e7a (webtiles) character file.

Game seed: 16947004462211112693

18146 Esekla the Carver (level 12, -3/123 HPs)
             Began as an Octopode Delver on Apr 29, 2023.
             Was an Initiate of Gozag.
             Slain by a komodo dragon (14 damage)
             ... on level 3 of the Lair of Beasts.
             The game lasted 01:20:28 (16552 turns).

Esekla the Carver (Octopode Delver)                Turns: 16552, Time: 01:20:28

Health: -3/123     AC: 30    Str: 11    XL:     12   Next: 55%
Magic:  20/22      EV:  2    Int: 16    God:    Gozag
Gold:   1053       SH:  0    Dex: 15    Spells: 17/24 levels left

rFire   . . .        g - +2 long sword (protect)
rCold   . . .        (no shield)
rNeg    . . .        J - melded +1 hat
rPois   +            F - amulet of magic regeneration
rElec   .            z - +4 ring of protection
rCorr   .            D - ring of see invisible
SInv    +            (no ring)
Will    .....        (no ring)
Stlth   ++++         (no ring)
HPRegen 0.40/turn    (no ring)
MPRegen 0.58/turn    (no ring)
                     (no ring)

%: no passive effects
@: tree-form, wereblooded, freezing walls
A: stationary, stasis, torment immunity, boosted hp, almost no armour,
(amphibious), 8 rings, (camouflage 1), (gelatinous body 1), (nimble swimmer 1),
(tentacles)
a: Renounce Religion, Potion Petition, Call Merchant, Bribe Branch


You were on level 3 of the Lair of Beasts.
You worshipped Gozag.
Gozag was most pleased with you.
You were a tree.
You visited 3 branches of the dungeon, and saw 14 of its levels.

You collected 2812 gold pieces.
You spent 302 gold pieces at shops.
You paid 1457 gold pieces to Gozag.

Inventory:

Hand Weapons
 a - a +4 scimitar
 f - a +1 scimitar of flaming
 g - a +2 long sword of protection (weapon)
 r - a +2 trident of venom
 s - a +2 dagger of venom
Missiles
 h - 14 poisoned darts (quivered)
 p - 5 javelins
 B - 3 throwing nets
Armour
 J - a +1 hat (melded)
Jewellery
 z - a +4 ring of protection (left branch)
 D - a ring of see invisible (right branch)
 F - an amulet of magic regeneration (around neck)
 I - a ring of fire
Wands
 e - a wand of flame (16)
 E - a wand of digging (11)
 G - a wand of iceblast (14)
Scrolls
 b - 2 scrolls of fog
 c - a scroll of enchant armour {unknown}
 j - 5 scrolls of identify
 l - 3 scrolls of magic mapping
 m - a scroll of silence {unknown}
 n - a scroll of enchant weapon
 w - a scroll of poison {unknown}
 x - a scroll of torment {unknown}
 y - a scroll of fear
 H - a scroll of acquirement {unknown}
Potions
 i - 4 potions of resistance
 k - a potion of might
 o - 4 potions of mutation
 q - a potion of cancellation {unknown}
 t - 3 potions of curing
 u - a potion of flight
 v - 2 potions of attraction
 A - a potion of brilliance


   Skills:
 * Level 7.9 Fighting
 + Level 3.0(7.3) Short Blades
 * Level 10.5(10.7) Long Blades
 + Level 3.1 Throwing
 * Level 7.9 Dodging
 - Level 10.2 Stealth
 * Level 6.7 Spellcasting
 * Level 4.8 Conjurations
 * Level 4.1 Translocations
 + Level 3.2 Transmutations
 + Level 6.0 Ice Magic


You had 17 spell levels left.
You knew the following spells:

 Your Spells              Type           Power      Damage    Failure   Level
b - Blink                 Tloc           36%        N/A       3%          2
r - Frozen Ramparts       Ice            48%        1d8       3%          3
w - Wereblood             Tmut           15%        N/A       4%          2

Your spell library contained the following spells:

 Spells                   Type           Power      Damage    Failure   Level
 Beastly Appendage        Tmut           30%        N/A       3%          1
 Lesser Beckoning         Tloc           36%        N/A       3%          2
 Momentum Strike          Conj/Tloc      38%        3d9       3%          2
 Hailstorm                Conj/Ice       22%        3d7       4%          3
 Ensorcelled Hibernation  Hex/Ice        30%        N/A       5%          2
 Ice Form                 Ice/Tmut       20%        N/A       19%         4
 Spider Form              Tmut/Pois      10%        N/A       21%         3
 Summon Ice Beast         Ice/Summ       15%        N/A       36%         4
 Anguish                  Hex/Necr       2%         N/A       77%         4
 Simulacrum               Ice/Necr       Unusable   N/A       N/A         6

Dungeon Overview and Level Annotations

Branches:
Dungeon (10/15)            Temple (1/1) D:5            Lair (3/5) D:8
  Snake (0/4) Lair:2
  Swamp: Lair:2-3    Shoals: Lair:2-3       Orc: D:9-12

Altars:
Ashenzari
Cheibriados
Dithmenos
Elyvilon
Fedhas
Gozag
Hepliaklqana
Kikubaaqudgha
Makhleb
Nemelex Xobeh
Okawaru
Qazlal
Ru
Sif Muna
Trog
Uskayaw
Vehumet
Wu Jian
Xom
Yredelemnul
Zin
The Shining One

Shops:
D:6 :   D:8 (:

Annotations:
D:4 3 runed translucent doors, Darkkill's ghost, amateur MiHu
D:5 water mocassin
Lair:2 Fannar


Innate Abilities, Weirdness & Mutations

You are a tree.
Your roots penetrate the ground, keeping you stationary.
You cannot be teleported.
You are immune to unholy pain and torment.
Your maximum health is greatly increased.
You cannot wear most types of armour.
((You are amphibious.))
You can wear up to eight rings at the same time.
((Your skin changes colour to match your surroundings (Stealth+).))
((Your rubbery body absorbs attacks. (AC +1, EV +1)))
((You are camouflaged when in or above water. (Stealth+)))
((You have tentacles for arms and can constrict up to eight enemies at once.))


Message History

The wall freezes the komodo dragon!
You feel a bit better.
You kill the komodo dragon!
Okay, then.
You feel better.
The wall freezes the black mamba.
The black mamba seems to slow down.
The black mamba bites you but does no damage.
The wall freezes the komodo dragon.
The komodo dragon bites you but does no damage.
You miss the black mamba.
The black mamba is heavily wounded.
The wall freezes the black mamba.
The black mamba bites you but does no damage.
You miss the black mamba.
The black mamba is heavily wounded.
The frozen ramparts melt away.
The black mamba bites you but does no damage.
The komodo dragon is distracted by your dazzling golden aura.
Casting: Frozen Ramparts (mildly dangerous; 3% risk of failure)
Confirm with . or Enter, or press ? or * to list all spells.
Casting: Frozen Ramparts (mildly dangerous; 3% risk of failure)
Press: ? - help, Dir - look around, f - activate The walls around you are covered in ice.
The wall freezes the black mamba but does no damage.
The black mamba bites you.
* * * LOW HITPOINT WARNING * * *
The wall freezes the komodo dragon!
The komodo dragon is no longer distracted by gold.
The komodo dragon seems to slow down.
The komodo dragon bites you but does no damage.
The wall freezes the black mamba but does no damage.
The black mamba is distracted by your dazzling golden aura.
You miss the black mamba.
The black mamba is no longer distracted by gold.
The black mamba hisses angrily.
The black mamba is heavily wounded.
The wall freezes the black mamba.
The black mamba bites you but does no damage.
The wall freezes the komodo dragon.
The komodo dragon bites you!
You die...
Your body crumbles into a pile of gold.

........... ..l.
.................
......?..........
.......#.#.#.#.#
...?...........
.......#.#.#.#.#
#<........
##S#$#.#.#.
#..♣l....."
#..#.#$#.#.#.
#.....$..
##P#.#.#.#
#########


You could see a komodo dragon (slow) and a black mamba (slow).

Vanquished Creatures
  Gastronok (D:8)
  Erica (D:8)
  A death yak (Lair:1)
  Pikel (D:7)
  A black mamba (Lair:2)
  Maurice (D:8)
  7 cane toads
  A torpor snail (Lair:1)
  4 komodo dragons
  5 blink frogs
  A shadow (D:10)
  A wyvern (D:9)
  32 yaks
  Eustachio (D:5)
  A steam dragon (Lair:2)
  An acid dragon (D:9)
  Duvessa (D:7)
  12 water moccasins
  An ice beast (D:7)
  6 black bears
  A sky beast (D:7)
  6 ogres
  A centaur (D:8)
  A lemure (D:7)
  3 kobold brigands
  A phantom (D:5)
  8 bullfrogs
  6 scorpions
  10 wights
  Dowan (D:7)
  7 howler monkeys
  A jelly (D:5)
  2 orc priests
  2 gnoll boudas
  3 hounds
  2 sleepcaps (D:5)
  An iguana (D:6)
  7 orc wizards
  16 gnolls
  9 adders
  3 ufetubi
  A worm (D:5)
  2 dart slugs (D:4)
  26 orcs
  3 ball pythons
  5 bats
  6 endoplasms
  4 giant cockroaches
  7 goblins
  7 hobgoblins
  8 jackals
  7 quokkas
  3 frilled lizards
  18 kobolds
  8 rats
276 creatures vanquished.

Vanquished Creatures (others)
  60 fungi
  72 plants
132 creatures vanquished.

Grand Total: 408 creatures vanquished

Notes
Turn   | Place    | Note
-------+----------+-------------------------------------------
     0 | D:5      | Esekla the Octopode Delver began the quest for the Orb.
     0 | D:5      | Reached XP level 1. HP: 16/16 MP: 1/1
    31 | D:5      | Noticed a howler monkey
    36 | D:5      | Noticed a hound
    47 | D:5      | Noticed a sleepcap
    52 | D:5      | Killed a hound
    53 | D:5      | Reached XP level 2. HP: 14/21 MP: 2/2
    53 | D:5      | Reached XP level 3. HP: 17/26 MP: 3/3
   145 | D:5      | Found a staircase to the Ecumenical Temple.
   160 | D:5      | Reached XP level 4. HP: 15/31 MP: 3/5
   231 | Temple   | Entered the Ecumenical Temple
   376 | Temple   | Became a worshipper of Gozag Ym Sagoz the Greedy
   425 | D:4      | Noticed a scorpion
   582 | D:2      | Reached skill level 1 in Spellcasting
  1422 | D:1      | Reached XP level 5. HP: 36/36 MP: 6/6
  1523 | D:2      | Reached skill level 1 in Transmutations
  1841 | D:2      | Found a faded altar of an unknown god.
  1950 | D:5      | Reached XP level 6. HP: 43/43 MP: 6/8
  1960 | D:5      | Learned a level 2 spell: Wereblood
  1971 | D:5      | Noticed an ice beast
  2289 | D:4      | Found a runed translucent gate.
  2289 | D:4      | Found a runed translucent gate.
  2289 | D:4      | Found a runed translucent gate.
  2293 | D:4      | Noticed Darkkill's ghost (amateur MiHu)
  2312 | D:4      | Reached XP level 7. HP: 46/48 MP: 9/9
  2678 | D:3      | Found a burning altar of Makhleb.
  4803 | D:5      | Learned a level 3 spell: Frozen Ramparts
  5119 | D:5      | Reached XP level 8. HP: 54/54 MP: 11/11
  5184 | D:5      | Reached skill level 1 in Ice Magic
  5619 | D:6      | Reached skill level 1 in Throwing
  5873 | D:6      | Noticed Eustachio
  5876 | D:6      | Reached skill level 5 in Long Blades
  6119 | D:7      | Reached skill level 1 in Short Blades
  6561 | D:8      | Noticed a yak
  6561 | D:8      | Noticed a yak
  6586 | D:8      | Killed a yak
  6587 | D:8      | Reached XP level 9. HP: 11/60 MP: 7/13
  6983 | D:8      | Reached skill level 5 in Fighting
  7198 | D:8      | Reached skill level 5 in Dodging
  7902 | D:7      | Noticed Pikel
  7935 | D:7      | Noticed Dowan
  8189 | D:5      | Reached skill level 10 in Stealth
  8357 | D:6      | Found Zieserph's Book Emporium.
  8370 | D:6      | Bought a book of Spatial Translocations for 234 gold pieces
  8373 | D:6      | Learned a level 2 spell: Blink
  8404 | D:6      | Reached XP level 10. HP: 41/66 MP: 14/16
  8678 | D:5      | Killed Eustachio
  8679 | D:5      | Reached skill level 1 in Translocations
  9448 | D:7      | Noticed Duvessa
  9458 | D:7      | Killed Duvessa
  9463 | D:7      | Killed Dowan
  9607 | D:7      | Killed Pikel
 10040 | D:8      | Noticed Gastronok
 10051 | D:8      | Killed Gastronok
 10052 | D:8      | Reached skill level 1 in Conjurations
 10208 | D:8      | Noticed Erica
 10214 | D:8      | Killed Erica
 10249 | D:8      | Found a staircase to the Lair.
 10276 | D:8      | Noticed Maurice
 10640 | D:8      | Reached XP level 11. HP: 69/74 MP: 17/17
 10843 | D:8      | Killed Maurice
 11343 | Lair:1   | Entered Level 1 of the Lair of Beasts
 11415 | D:9      | Reached skill level 5 in Spellcasting
 11545 | D:9      | Noticed a two-headed ogre
 11615 | D:10     | Entered Level 10 of the Dungeon
 11919 | D:10     | Noticed a tengu warrior
 12457 | D:8      | Bought a +0 long sword of protection for 68 gold pieces
 12923 | Lair:1   | Reached skill level 10 in Long Blades
 13039 | Lair:1   | Reached skill level 5 in Ice Magic
 13886 | Lair:1   | Reached XP level 12. HP: 40/81 MP: 16/20
 14707 | Lair:1   | Noticed a death yak
 14734 | Lair:1   | Killed a death yak
 15380 | Lair:2   | Noticed Fannar
 16379 | Lair:2   | Found a staircase to the Snake Pit.
 16545 | Lair:3   | HP: 1/82 [komodo dragon (20)]
 16552 | Lair:3   | Slain by a komodo dragon

Illustrated notes

Levels and vault maps discovered:
D:1:      tekkud_arrival_beachfront_property, layout_loops_cross, hex_large
D:2:      layout_loops_cross, shapermc_ecumenical_altar_mp_urbaneastern
D:3:      layout_basic, lightli_temple_of_fire
D:4:      layout_cave_pools, gammafunk_ghost_nasty_kobolds
D:5:      layout_gridville, temple_fountains, hangedman_decor_opposing,
          lexackson_kobold_supper
D:6:      layout_cave_pools, serial_shops, shop, uniq_eustachio
D:7:      layout_loops_corners, uniq_pikel, uniq_duvessa
D:8:      layout_loops_ring, due_lair_maze_entry_diamond,
          serial_co_window_serial, co_window_paths_b,
          co_window_of_opportunity_a, co_window_corner_a,
          co_window_of_opportunity_a, co_window_of_opportunity_a,
          co_window_paths_a, co_window_corner_cb, co_window_corner_b,
          co_window_of_opportunity_b, co_window_paths_c, co_window_2corner,
          co_window_paths_c, co_window_broadway_b, co_window_paths_d,
          glass_columns_b, glass_columns_a, glass_columns_a, uniq_gastronok,
          uniq_maurice, uniq_erica
D:9:      layout_cave_pools, serial_glass, glass_columns_a, glass_columns_b
D:10:     layout_loops_ring, kennysheep_orc_monster_closet_entryway
Temple:   minmay_crystal_snake_temple
Lair:1:   layout_gridlike, infiniplex_staircase_pool
Lair:2:   layout_roguey, dummy_snake_entry, grunt_megastairs_4, uniq_fannar
Lair:3:   layout_big_grid, elwin_shoals_entry_rocks,
          chequers_serial_rivers_large_a, st_stairs_9, grunt_megastairs_2,
          uniq_josephine

Skill      XL: |  1  2  3  4  5  6  7  8  9 10 11 12 |
---------------+-------------------------------------+-----
Stealth        | 7 8 9 10 | 10.2
Spellcasting   | 1 2 3 4 5 6 |  6.7
Transmutations | 1 2 3 |  3.2
Long Blades    | 3 4 5 7 8 10 | 10.5
Fighting       | 4 5 6 7 |  7.9
Dodging        | 3 4 5 6 7 |  7.9
Ice Magic      | 2 4 5 6 |  6.0
Throwing       | 1 2 3 |  3.1
Short Blades   | 1 2 3 |  3.0
Translocations | 2 3 4 |  4.1
Conjurations   | 2 4 |  4.8

Action                     |  1- 3 |  4- 6 |  7- 9 | 10-12 || total
---------------------------+-------+-------+-------+-------++-------
  Melee: Falchion          |     7 |   104 |   225 |    27 ||   363
         Tentacles         |     1 |    31 |    66 |   105 ||   203
         Dagger            |       |    32 |    19 |    91 ||   142
         Constrict         |       |    33 |    43 |    53 ||   129
         Punch             |       |     2 |     9 |     6 ||    17
         Scimitar          |       |       |       |    88 ||    88
         Long sword        |       |       |       |   180 ||   180
  Throw: Javelin           |       |     4 |     5 |     3 ||    12
         Dart              |       |     4 |    32 |    16 ||    52
   Cast: Frozen Ramparts   |       |       |    12 |    39 ||    51
         Wereblood         |       |       |     1 |     9 ||    10
         Blink             |       |       |       |     6 ||     6
 Invoke: Call Merchant     |       |       |     1 |     1 ||     2
  Evoke: Wand              |       |       |       |     2 ||     2
    Use: Scroll            |     1 |       |     7 |    15 ||    23
         Potion            |       |       |     3 |     5 ||     8
   Stab: Sleeping          |       |    20 |    16 |    19 ||    55
         Distracted        |       |       |     1 |     3 ||     4
 Armour: Skin              |       |    25 |    35 |    94 ||   154
  Dodge: Dodged            |     6 |    81 |   163 |   297 ||   547

Table legend: (Time is in decaauts)
 A = Elapsed time spent in this place.
 B = Non-inter-level travel time spent in this place.
 C = Inter-level travel time spent in this place.
 D = Time resting spent in this place.
 E = Time spent auto-exploring this place.
 F = Levels seen in this place.
 G = Mean time per level.
                   A        B        C        D        E       F      G
               +--------+--------+--------+--------+--------+-----+--------+
         Total |  16466 |  15776 |    690 |   5678 |   3391 |  14 | 1176.1 |
       Dungeon |  12213 |  11587 |    626 |   3450 |   2592 |  10 | 1221.3 |
        Temple |    170 |    145 |     25 |      0 |    120 |   1 |  170.0 |
          Lair |   4081 |   4042 |     39 |   2228 |    679 |   3 | 1360.3 |
               +--------+--------+--------+--------+--------+-----+--------+

Top non-repeatable levels by time:
  Lair:1: 3067 daAuts
     D:5: 2674 daAuts
     D:8: 2578 daAuts
     D:7: 1852 daAuts
     D:4: 1038 daAuts
     D:6: 997 daAuts
  Lair:2: 989 daAuts
     D:2: 933 daAuts
     D:1: 743 daAuts
     D:3: 723 daAuts
    D:10: 457 daAuts
     D:9: 215 daAuts
  Temple: 170 daAuts
  Lair:3: 24 daAuts
